 Dungeon Crawl Stone Soup version 0.22.1-5-g62c59d919a (webtiles) character file.

8215 Fascinator the Blocker (level 11, -2/87 HPs)
             Began as a Formicid Fighter on Jan 9, 2019.
             Was an Elder of the Shining One.
             Killed from afar by an electric eel (11 damage)
             ... with a bolt of electricity
             ... on level 10 of the Dungeon on Jan 10, 2019.
             The game lasted 00:29:40 (9084 turns).

Fascinator the Blocker (Formicid Fighter)           Turns: 9084, Time: 00:29:41

Health: -2/87      AC: 19    Str: 21    XL:     11   Next: 51%
Magic:  14/14      EV:  5    Int:  8    God:    the Shining One [****..]
Gold:   359        SH: 17    Dex: 13    Spells: 10/10 levels left

rFire    . . .     SeeInvis +   D - +0 battleaxe (flame)
rCold    . . .     Gourm    .   A - +0 large shield
rNeg     + + .     Faith    .   o - +0 plate armour
rPois    +         Spirit   .   (helmet unavailable)
rElec    .         Reflect  .   (no cloak)
rCorr    .         Harm     .   b - +0 pair of gloves
MR       +....                  s - +0 pair of boots
Stlth    ..........             (no amulet)
HPRegen  0.24/turn              p - ring of poison resistance
MPRegen  0.14/turn              e - +2 ring of protection

@: glowing
A: permanent stasis, dig shafts and tunnels, four strong arms, antennae 3,
shaggy fur 2, wild magic 1
a: Dig, Shaft Self, Divine Shield, Cleansing Flame, Renounce Religion


You were on level 10 of the Dungeon.
You worshipped the Shining One.
The Shining One was greatly pleased with you.
You were not hungry.

You visited 2 branches of the dungeon, and saw 11 of its levels.

You collected 503 gold pieces.
You spent 144 gold pieces at shops.

Inventory:

Hand Weapons
 d - a +2 flail of holy wrath
 n - a +2 trident of freezing
 r - a cursed -2 shortbow
 D - a +0 battleaxe of flaming (weapon)
Missiles
 m - 286 arrows
 w - 36 bolts
Armour
 b - a +0 pair of gloves (worn)
 o - a +0 plate armour (worn)
 s - a +0 pair of boots (worn)
 A - a +0 large shield (worn)
Jewellery
 e - a +2 ring of protection (right hand)
 p - a ring of poison resistance (left hand)
Wands
 t - a wand of paralysis (10)
 x - a wand of polymorph (9)
Scrolls
 a - a scroll of enchant weapon
 g - 3 scrolls of identify
 h - 5 scrolls of remove curse
 l - 2 scrolls of magic mapping
Potions
 c - a potion of ambrosia
 i - 2 potions of mutation
 j - a potion of magic
 k - 3 potions of curing
 q - 2 potions of heal wounds
 u - a potion of cancellation {unknown}
 v - a potion of might
 z - 3 potions of brilliance
 C - a potion of flight
Comestibles
 f - 15 rations
 B - a chunk of flesh


   Skills:
 + Level 8.6 Fighting
 + Level 7.3(8.9) Axes
 - Level 1.4(4.8) Maces & Flails
 - Level 7.7(9.1) Polearms
 + Level 6.8 Armour
 + Level 2.1 Dodging
 + Level 1.8 Stealth
 + Level 9.3 Shields
 - Level 0.4 Unarmed Combat
 * Level 4.4 Invocations
 + Level 5.0 Evocations


You had 10 spell levels left.
You didn't know any spells.
Your spell library contained the following spells:

 Spells                   Type           Power        Failure   Level  Hunger
 Magic Dart               Conj           #...         100%        1    ##.....
 Sandblast                Erth           #.....       100%        1    ##.....
 Passwall                 Tmut/Erth      #.......     100%        2    ###....
 Searing Ray              Conj           #.....       100%        2    ###....
 Dazzling Spray           Conj/Hex       #.....       100%        3    ####...
 Stone Arrow              Conj/Erth      #.....       100%        3    ####...
 Force Lance              Conj/Tloc      #.......     100%        4    #####..
 Fulminant Prism          Conj/Hex       #.........   100%        4    #####..
 Iskenderun's Mystic Bla  Conj           #.......     100%        4    #####..
 Petrify                  Tmut/Erth      #.......     100%        4    #####..
 Lee's Rapid Deconstruct  Erth           #.........   100%        5    ######.


Dungeon Overview and Level Annotations

Branches:
Dungeon (10/15)            Temple (1/1) D:6            Lair (0/6) D:9
    Orc (0/2) D:10

Altars:
Ashenzari
Cheibriados
Dithmenos
Fedhas
Gozag
Kikubaaqudgha
Makhleb
Nemelex Xobeh
Okawaru
Qazlal
Ru
Sif Muna
Trog
Uskayaw
Vehumet
Wu Jian
Xom
Zin
The Shining One

Shops:
D:6 !


Innate Abilities, Weirdness & Mutations

You cannot be hasted, slowed, berserked, paralysed or teleported.
You can dig through walls and to a lower floor.
Your four strong arms can wield two-handed weapons with a shield.
You have a pair of large antennae on your head. (SInv)
You are covered in thick fur. (AC +2)
Your spells are a little harder to cast, but a little more powerful.


Message History

The electric eel completely resists.
The electric eel shoots out a bolt of lightning at you!
The bolt of electricity hits the electric eel.
The electric eel completely resists.
The bolt of electricity hits you! x2
* * * LOW HITPOINT WARNING * * *
The electric eel shoots out a bolt of lightning at you!
The bolt of electricity hits you!
* * * LOW HITPOINT WARNING * * *
The bolt of electricity hits you!
The bolt of electricity hits the electric eel.
The electric eel completely resists.
The electric eel shoots out a bolt of lightning at you!
The bolt of electricity hits you!
* * * LOW HITPOINT WARNING * * *
The bolt of electricity hits you!
The bolt of electricity hits the electric eel.
The electric eel completely resists.
The electric eel shoots out a bolt of lightning at you!
The bolt of electricity hits you!
You die...

#..........# #.#
#.. #..........#
#.# #..
#..........####.#
#..
#...............#
#..
###...†.........#
#..
{########...##.#
#..
..P!=≈##'###.#
#.. ..≈P%≈;#.#
#.# #..
...≈≈[;#@# #.#
#.. ..P..≈;..#
#.# #..
..P≈.≈##≈# #.#
#.. #######≈##
#.# #.. { #≈##
#.# #.. {#.# #.#
#.. #.# #.# #..
{≈#.# #.# #..
≈##.#
#.##########..


You could see 3 electric eels.

Vanquished Creatures
  A necromancer (D:9)
  A centaur skeleton (D:10)
  2 trolls (D:9)
  A hippogriff (D:9)
  Sigmund (D:3)
  4 yaks (D:9)
  4 hogs (D:7)
  A hungry ghost (D:7)
  A human (D:7)
  Edmund (D:3)
  2 wargs (D:9)
  2 orc warriors
  3 ice beasts
  2 phantoms
  3 sky beasts
  4 centaurs
  A necrophage (D:7)
  3 ogres
  A wyvern zombie (D:10)
  2 bullfrogs (D:7)
  A gnoll sergeant (D:7)
  3 scorpions
  11 killer bees
  4 wights (D:7)
  7 crimson imps
  A howler monkey (D:5)
  A bullfrog zombie (D:5)
  3 jellies
  2 quasits
  5 hounds
  8 orc priests
  A bullfrog skeleton (D:4)
  13 orc wizards
  16 worker ants
  Ijyb (D:3)
  3 iguanas
  3 yak simulacra (D:9)
  3 polar bear simulacra (D:9)
  A killer bee zombie (D:6)
  4 wolf simulacra (D:9)
  A howler monkey zombie (D:9)
  Robin (D:2)
  8 gnolls
  A howler monkey skeleton (D:8)
  9 adders
  2 shadow imps
  An ooze (D:2)
  4 adder skeletons
  2 adder zombies
  3 worms
  4 dart slugs
  5 leopard geckos
  36 orcs
  A ball python (D:1)
  4 giant cockroaches
  21 goblins
  9 hobgoblins
  6 jackals
  4 quokkas
  9 bats
  4 frilled lizards
  12 kobolds
  A leopard gecko zombie (D:6)
  10 rats
  A river rat simulacrum (D:9)
290 creatures vanquished.

Notes
Turn   | Place    | Note
-------+----------+-------------------------------------------
     0 | D:1      | Fascinator the Formicid Fighter began the quest for the
                  | Orb.
     0 | D:1      | Reached XP level 1. HP: 18/18 MP: 1/1
    88 | D:1      | Reached XP level 2. HP: 25/25 MP: 2/2
   730 | D:1      | Reached XP level 3. HP: 23/30 MP: 3/3
   816 | D:2      | Found an opulent altar of Gozag.
   868 | D:2      | Reached skill level 4 in Shields
   901 | D:2      | Reached XP level 4. HP: 14/37 MP: 4/4
  1402 | D:2      | Noticed Robin
  1431 | D:2      | Killed Robin
  1433 | D:2      | Reached XP level 5. HP: 36/42 MP: 5/5
  1943 | D:3      | Noticed Ijyb
  1954 | D:3      | Killed Ijyb
  2001 | D:3      | Found an ancient bone altar of Kikubaaqudgha.
  2052 | D:3      | Reached skill level 1 in Dodging
  2175 | D:3      | Reached XP level 6. HP: 45/49 MP: 6/6
  2454 | D:3      | Found a snail-covered altar of Cheibriados.
  2455 | D:3      | Found a blossoming altar of Fedhas.
  2590 | D:3      | Noticed Sigmund
  2603 | D:3      | Killed Sigmund
  2603 | D:3      | Reached skill level 1 in Stealth
  2805 | D:3      | Reached skill level 5 in Shields
  2805 | D:3      | Reached XP level 7. HP: 54/55 MP: 7/7
  3056 | D:4      | Noticed Edmund
  3072 | D:3      | Killed Edmund
  3072 | D:3      | Reached skill level 5 in Fighting
  3072 | D:3      | Reached skill level 1 in Polearms
  3560 | D:4      | Reached XP level 8. HP: 51/62 MP: 8/8
  4208 | D:5      | Entered Level 5 of the Dungeon
  4262 | D:5      | Reached skill level 1 in Evocations
  4265 | D:5      | Reached skill level 6 in Shields
  4477 | D:5      | Reached skill level 5 in Armour
  4873 | D:6      | Reached XP level 9. HP: 64/69 MP: 10/10
  4888 | D:6      | Found a staircase to the Ecumenical Temple.
  4898 | Temple   | Entered the Ecumenical Temple
  4902 | Temple   | Became a worshipper of the Shining One
  4937 | D:6      | Reached skill level 5 in Polearms
  5222 | D:6      | Found Pycesu's Distillery.
  5290 | D:6      | Found a hide-covered altar of Uskayaw.
  5290 | D:6      | Found a sparkling altar of Nemelex Xobeh.
  5521 | D:6      | Bought a potion of agility for 48 gold pieces
  5521 | D:6      | Bought a potion of flight for 36 gold pieces
  5521 | D:6      | Bought a potion of heal wounds for 60 gold pieces
  5543 | D:6      | Gained mutation: Your body sometimes deteriorates upon
                  | taking damage. [potion of mutation]
  5543 | D:6      | Gained mutation: You are covered in fur. (AC +1) [potion of
                  | mutation]
  5543 | D:6      | Gained mutation: Your mind is acute. (Int +2) [potion of
                  | mutation]
  5544 | D:6      | Lost mutation: Your mind is acute. (Int +2) [potion of
                  | mutation]
  5544 | D:6      | Lost mutation: Your body sometimes deteriorates upon taking
                  | damage. [potion of mutation]
  5544 | D:6      | Gained mutation: You are covered in thick fur. (AC +2)
                  | [potion of mutation]
  5544 | D:6      | Gained mutation: Your spells are a little harder to cast,
                  | but a little more powerful. [potion of mutation]
  5567 | D:7      | Reached skill level 7 in Shields
  5691 | D:7      | Reached * piety under the Shining One
  5873 | D:7      | Reached XP level 10. HP: 73/79 MP: 13/13
  6074 | D:7      | Reached ** piety under the Shining One
  6086 | D:7      | Reached skill level 8 in Shields
  6355 | D:7      | Found a glowing silver altar of Zin.
  6591 | D:8      | Reached skill level 5 in Evocations
  6674 | D:8      | Found a shattered altar of Ashenzari.
  6794 | D:8      | HP: 4/80 [killer bee (3)]
  7204 | D:8      | Reached skill level 1 in Maces & Flails
  7635 | D:9      | Reached skill level 1 in Invocations
  7652 | D:9      | Reached skill level 5 in Axes
  7656 | D:9      | Reached XP level 11. HP: 73/86 MP: 14/14
  7658 | D:9      | Reached *** piety under the Shining One
  7896 | D:9      | Reached skill level 9 in Shields
  8115 | D:9      | Found a staircase to the Lair.
  8151 | D:9      | Found a shimmering altar of Xom.
  8155 | D:9      | Found an ornate altar of the Wu Jian Council.
  8440 | D:9      | Noticed a necromancer
  8455 | D:9      | Killed a necromancer
  8622 | D:9      | Reached **** piety under the Shining One
  8686 | D:10     | Entered Level 10 of the Dungeon
  9038 | D:10     | Found a staircase to the Orcish Mines.
  9084 | D:10     | Killed from afar by an electric eel

Skill      XL: |  1  2  3  4  5  6  7  8  9 10 11 |
---------------+----------------------------------+-----
Fighting       | 4 5 7 8 |  8.6
Shields        | 4 5 6 7 8 9 |  9.3
Axes           | 3 4 5 7 |  7.3
Dodging        | 1 2 |  2.1
Armour         | 4 5 6 |  6.8
Stealth        | 1 |  1.8
Polearms       | 2 4 6 7 |  7.7
Evocations     | 2 4 5 |  5.0
Maces & Flails | 1 |  1.4
Invocations    | 1 4 |  4.4
Unarmed Combat | |  0.4

Action                   |  1- 3 |  4- 6 |  7- 9 | 10-12 || total
-------------------------+-------+-------+-------+-------++-------
Melee: War axe           |    65 |   134 |       |       ||   199
       Short sword       |       |    62 |       |       ||    62
       Unarmed           |       |     8 |       |       ||     8
       Scythe            |       |     6 |   394 |   102 ||   502
       Flail             |       |       |    25 |    34 ||    59
       Battleaxe         |       |       |       |   183 ||   183
Invok: Divine Shield     |       |       |       |     1 ||     1
 Abil: Dig               |       |       |       |     1 ||     1
Evoke: Wand              |       |       |     1 |     3 ||     4
  Use: Potion            |       |       |     3 |     3 ||     6
       Scroll            |       |       |    12 |     3 ||    15
 Stab: Confused          |       |     2 |       |       ||     2
       Paralysed         |       |       |     2 |       ||     2
  Eat: Chunk             |       |     6 |    12 |    10 ||    28
       Ration            |       |       |       |     2 ||     2
Armor: Scale mail        |    22 |    72 |       |       ||    94
       Chain mail        |       |     7 |   185 |       ||   192
       Skin              |       |     2 |       |       ||     2
       Plate armour      |       |       |    10 |   253 ||   263
Dodge: Dodged            |    22 |    69 |    98 |    61 ||   250
Block: Shield            |    31 |   111 |    44 |       ||   186
       Large shield      |       |       |   322 |   404 ||   726
